 Dungeon Crawl Stone Soup version 0.20.2-3-g29329e0561 (webtiles) character file.

1600 Alfie the Cutter (level 8, -2/70 HPs)
             Began as a Hill Orc Fighter on Dec 22, 2022.
             Slain by an orc warrior
             ... wielding a +0 battleaxe
              (8 damage)
             ... on level 6 of the Dungeon on Jan 4, 2023.
             The game lasted 00:13:01 (4584 turns).

Alfie the Cutter (Hill Orc Fighter)                 Turns: 4584, Time: 00:13:02

Health: -2/70      AC: 10    Str: 25    XL:     8   Next: 94%
Magic:  8/8        EV: 10    Int: 13    God:
Gold:   331        SH: 11    Dex: 14    Spells: 4/7 levels left

rFire    + + .     SeeInvis .   a - +0 rapier
rCold    x . .     Gourm    .   c - +0 shield
rNeg     + . .     Faith    .   b - +0 scale mail
rPois    .         Spirit   .   (no helmet)
rElec    .         Reflect  .   t - +0 cloak
rCorr    .         Harm     .   (no gloves)
MR       .....                  (no boots)
Stlth    ..........             v - amulet of Keusoano {Inacc rF+ Int+3 Dex+4}
Regen    0.3/turn               l - ring of positive energy
MPRegen  0.2/turn               o - ring "Koplerea" {Fire *Drain Str+4 Int+2 Slay+3}

@: no status effects
A: molten scales 1, subdued magic 1
a: no special abilities


You were on level 6 of the Dungeon.
You were not hungry.

You visited 1 branch of the dungeon, and saw 6 of its levels.

You collected 331 gold pieces.

Inventory:

Hand Weapons
 a - a +0 rapier (weapon)
Armour
 b - a +0 scale mail (worn)
 c - a +0 shield (worn)
 t - a +0 cloak (worn)
Jewellery
 l - a ring of positive energy (left hand)
 o - the ring "Koplerea" (right hand) {Fire *Drain Str+4 Int+2 Slay+3}
   (You found it on level 4 of the Dungeon)

   [ring of fire]

   It enhances your fire magic.
   It affects your strength (+4).
   It affects your intelligence (+2).
   It affects your accuracy and damage with ranged weapons and melee attacks
   (+3).
   It protects you from fire.
   It makes you vulnerable to cold.
   It causes draining when unequipped.
 v - the amulet of Keusoano (around neck) {Inacc rF+ Int+3 Dex+4}
   (You found it on level 5 of the Dungeon)

   [amulet of inaccuracy]

   It reduces the accuracy of all your attacks.
   It affects your intelligence (+3).
   It affects your dexterity (+4).
   It protects you from fire.
Wands
 d - a wand of polymorph (14/24)
 p - a wand of polymorph (14/24)
 r - a wand of acid (9/15)
 u - a wand of random effects (25/48)
Scrolls
 f - 4 scrolls of remove curse
 j - 3 scrolls of teleportation
 y - a scroll of identify
Potions
 e - a potion of agility {unknown}
 h - a potion of mutation
 i - a potion of flight {unknown}
 k - a potion of berserk rage {unknown}
 m - a potion of degeneration {unknown}
 q - a potion of brilliance {unknown}
 s - a potion of cancellation {unknown}
 x - a potion of invisibility {unknown}
Comestibles
 n - 2 meat rations


   Skills:
 + Level 5.7 Fighting
 + Level 7.1 Short Blades
 + Level 5.7 Armour
 + Level 2.7 Dodging
 + Level 0.3 Stealth
 + Level 6.5 Shields


You had 4 spell levels left.
You knew the following spells:

 Your Spells              Type           Power        Failure   Level  Hunger
a - Magic Dart            Conj           #...         88%         1    ##.....
b - Blink                 Tloc           N/A          96%         2    ###....


Dungeon Overview and Level Annotations

Branches:
Dungeon (6/15)             Temple (0/1) D:5

Altars:
Elyvilon
Fedhas
Ru


Innate Abilities, Weirdness & Mutations

You are partially covered in molten scales. (AC +2)
Your spells are a little easier to cast, but a little less powerful.


Message History

The orc warrior is almost dead.
You block the orc warrior's attack.
Your shield and scale mail prevent you from hitting the orc warrior.
The orc warrior is almost dead.
You hit the orc warrior but do no damage.
The orc warrior is almost dead.
The orc warrior hits you with a battleaxe.
* * * LOW HITPOINT WARNING * * *
You hit the orc warrior but do no damage.
The orc warrior is almost dead.
You block the orc warrior's attack.
You hit the orc warrior.
The orc warrior is almost dead.
You closely miss the orc warrior.
The orc warrior is almost dead.
The orc warrior barely misses you.
You hit the orc warrior but do no damage.
The orc warrior is almost dead.
The orc warrior hits you with a battleaxe!
You die...

#..>.)..... #.......#.#
#.....#.#.# ##.......
.. ......# .# #.o.< .#
#.########o#####.###.[.
#.......@oo....<.......
##....##########.###...
#.... .# #... ## #.. #.
#


You could see an orc warrior and 2 orc wizards.

Vanquished Creatures
  The ghost of Alfie the Covered, a novice HOFi (D:5)
  Duvessa (D:4)
  An orc warrior (D:5)
  A phantom (D:4)
  A centaur (D:5)
  3 ogres
  Dowan (D:4)
  A water moccasin skeleton (D:5)
  A howler monkey (D:4)
  3 orc priests
  8 orc wizards
  A worker ant (D:5)
  A hound skeleton (D:5)
  6 adders
  A shadow imp (D:5)
  A worm (D:4)
  A dart slug (D:1)
  8 leopard geckos
  25 orcs
  4 giant cockroaches
  8 hobgoblins
  7 jackals
  6 kobolds
  A quokka (D:5)
  8 bats
  9 frilled lizards (D:1)
  8 goblins
  A jackal skeleton (D:4)
  A quokka zombie (D:5)
  16 rats
  A fungus (D:2)
  A plant (D:2)
137 creatures vanquished.

Notes
Turn   | Place    | Note
-------+----------+-------------------------------------------
     0 | D:1      | Alfie the Hill Orc Fighter began the quest for the Orb.
     0 | D:1      | Reached XP level 1. HP: 19/19 MP: 1/1
    76 | D:1      | Reached XP level 2. HP: 27/27 MP: 2/2
   291 | D:1      | Reached XP level 3. HP: 17/33 MP: 3/3
  1313 | D:2      | Reached XP level 4. HP: 26/40 MP: 4/4
  1718 | D:2      | Found a sacrificial altar of Ru.
  2122 | D:3      | Reached skill level 3 in Short Blades
  2133 | D:3      | Reached XP level 5. HP: 28/46 MP: 5/5
  2162 | D:3      | Found a blossoming altar of Fedhas.
  2169 | D:3      | Learned a level 1 spell: Magic Dart
  2172 | D:3      | Learned a level 2 spell: Blink
  2746 | D:4      | Noticed Duvessa
  2746 | D:4      | Noticed Dowan
  2746 | D:4      | Noticed a phantom
  2750 | D:4      | Killed Dowan
  2750 | D:4      | Reached skill level 1 in Dodging
  2750 | D:4      | Reached XP level 6. HP: 52/52 MP: 6/6
  2768 | D:4      | Killed Duvessa
  2768 | D:4      | Reached skill level 4 in Short Blades
  2768 | D:4      | Reached skill level 5 in Shields
  2800 | D:4      | Killed a phantom
  2800 | D:4      | Reached XP level 7. HP: 32/60 MP: 7/7
  2861 | D:4      | Got a slimy jade ring
  2888 | D:4      | Identified the ring "Koplerea" {Fire *Drain Str+4 Int+2 Slay+3} (You found it on level 4 of the Dungeon)
  3245 | D:4      | Reached skill level 5 in Short Blades
  3257 | D:4      | Reached skill level 5 in Armour
  3428 | D:5      | Entered Level 5 of the Dungeon
  3558 | D:5      | Got a brightly glowing diamond amulet
  3563 | D:5      | Identified the amulet of Keusoano {Inacc rF+ Int+3 Dex+4} (You found it on level 5 of the Dungeon)
  3607 | D:5      | Found a staircase to the Ecumenical Temple.
  3615 | D:5      | Noticed Alfie's ghost (novice HOFi)
  3656 | D:5      | Killed Alfie's ghost
  3656 | D:5      | Reached skill level 5 in Fighting
  3656 | D:5      | Reached skill level 6 in Short Blades
  3656 | D:5      | Reached XP level 8. HP: 38/68 MP: 8/8
  3782 | D:5      | Gained mutation: Your spells are a little easier to cast, but a little less powerful. [potion of mutation]
  3782 | D:5      | Gained mutation: You are partially covered in molten scales. (AC +2) [potion of mutation]
  3791 | D:5      | Reached skill level 7 in Short Blades
  4169 | D:5      | Found a white marble altar of Elyvilon.
  4565 | D:6      | HP: 1/70 [orc warrior/battleaxe (18)]
  4584 | D:6      | Slain by an orc warrior

Skill      XL: |  1  2  3  4  5  6  7  8 |
---------------+-------------------------+-----
Shields        | 4 5 6 |  6.5
Armour         | 4 5 |  5.7
Short Blades   | 3 4 6 7 |  7.1
Fighting       | 4 5 |  5.7
Dodging        | 1 2 |  2.7
Stealth        | |  0.3

Action                   |  1- 3 |  4- 6 |  7- 9 || total
-------------------------+-------+-------+-------++-------
Melee: Rapier            |   157 |   226 |   277 ||   660
  Use: Scroll            |       |     5 |     5 ||    10
       Potion            |       |     2 |     5 ||     7
  Eat: Royal jelly       |     1 |       |       ||     1
       Bread ration      |       |     1 |     1 ||     2
       Meat ration       |       |       |     1 ||     1
Armor: Scale mail        |    52 |    58 |    48 ||   158
       Skin              |       |    16 |       ||    16
Dodge: Dodged            |    43 |    33 |    79 ||   155
Block: Shield            |    74 |    84 |   117 ||   275
